 Dungeon Crawl Stone Soup version 0.30.0-30-g96aa6591b8 (webtiles) character file.

Game seed: 11036831268346049284

471 cdecastro the Trooper (level 7, -1/68 (69) HPs)
             Began as a Hill Orc Fighter on June 28, 2023.
             Was a Follower of Ashenzari.
             Slain by a wight
             ... wielding a +0 mace
              (7 damage)
             ... on level 4 of the Dungeon.
             The game lasted 00:07:07 (3783 turns).

cdecastro the Trooper (Hill Orc Fighter)            Turns: 3783, Time: 00:07:07

HP:   -1/68 (69)    AC:  6    Str: 21    XL:     7   Next: 9%
MP:   7/7           EV:  9    Int:  8    God:    Ashenzari [*.....]
Gold: 259           SH:  4    Dex: 10    Spells: 6/6 levels left

rFire   . . .        a - +0 war axe "Cursed Seeker" {Evo, Range} (curse)
rCold   . . .        c - +0 buckler
rNeg    . . .        b - +0 scale mail of the Lashed Frustration {Self, Elem} (curse)
rPois   .            (no helmet)
rElec   .            (no cloak)
rCorr   .            (no gloves)
SInv    .            (no boots)
Will    .....        (no amulet) Stlth
                     (no ring)
HPRegen 0.31/turn    (no ring)
MPRegen 0.10/turn

%: no passive effects
@: lightly drained
A: no striking features
a: Renounce Religion, Shatter the Chains


You were on level 4 of the Dungeon.
You worshipped Ashenzari.
Ashenzari was aware of your devotion.
You visited 1 branch of the dungeon, and saw 4 of its levels.

You collected 259 gold pieces.

Inventory:

Hand Weapons
 a - the cursed +0 war axe "Cursed Seeker" (weapon) {Evo, Range}

   It has a curse which improves the following skills: Evocations: Evocations.
   Ranged Combat: Ranged Weapons and Throwing.
Missiles
 j - 11 boomerangs (quivered)
Armour
 b - the cursed +0 scale mail of the Lashed Frustration (worn) {Self, Elem}

   It has a curse which improves the following skills: Introspection: Fighting
   and Spellcasting.
   Elements:  Fire Magic, Ice Magic, Air Magic and Earth Magic.
 c - a +0 buckler (worn)
Jewellery
 o - an amulet of faith
Scrolls
 e - a scroll of amnesia
 g - a scroll of poison
 h - 3 scrolls of teleportation
 i - 4 scrolls of identify
 m - a scroll of fog
 n - 2 scrolls of fear
 p - a scroll of magic mapping
 q - 2 scrolls of blinking
 s - a scroll of noise
Potions
 d - 3 potions of might
 f - a potion of ambrosia
 k - a potion of haste
 l - 4 potions of heal wounds
 r - a potion of attraction
 t - a potion of brilliance


   Skills:
 * Level 7.9(8.7) Fighting
 + Level 6.0 Axes
 - Level 3.2 Armour
 - Level 3.2 Shields


You had 6 spell levels left.
You didn't know any spells.
Your spell library contained the following spells:

 Spells                   Type           Power      Damage    Failure   Level
 Ensorcelled Hibernation  Hex/Ice        0%         N/A       91%         2
 Passwall                 Tmut/Erth      0%         N/A       91%         2
 Call Canine Familiar     Summ           0%         N/A       99%         3
 Frozen Ramparts          Ice            0%         1d1       99%         3
 Portal Projectile        Hex/Tloc       0%         N/A       99%         3
 Stone Arrow              Conj/Erth      0%         3d7       99%         3
 Swiftness                Air            0%         N/A       99%         3
 Tukima's Dance           Hex            0%         N/A       99%         3
 Animate Armour           Summ/Erth      0%         N/A       100%        4
 Ice Form                 Ice/Tmut       0%         N/A       100%        4
 Leda's Liquefaction      Hex/Erth       0%         N/A       100%        4
 Summon Ice Beast         Ice/Summ       0%         N/A       100%        4
 Blade Hands              Tmut           0%         N/A       100%        5
 Lehudib's Crystal Spear  Conj/Erth      0%         10d2      100%        8


Dungeon Overview and Level Annotations

Branches:
Dungeon (4/15)
 Temple: D:4-7

Altars:
Ashenzari


Message History

You barely miss the wight.
The wight is almost destroyed.
You slash the wight! The wight hits you with a +5 mace!
* * * LOW HITPOINT WARNING * * *
You block the wight's attack.
You slash the wight!
You destroy the wight!
You barely miss the wight. The wight completely misses you.
You hit the wight.
You destroy the wight!
You hit the wight. You block the wight's attack.
The wight hits you with a +0 mace!
* * * LOW HITPOINT WARNING * * *
Your life force feels restored.
Your Axes skill increases to level 6!
You have reached level 7!
You hit the wight.
The wight is moderately damaged.
The wight hits you with a +0 mace.
* * * LOW HITPOINT WARNING * * *
Unknown command.
You completely miss the wight.
The wight is moderately damaged.
The wight hits you with a +0 mace!
* * * LOW HITPOINT WARNING * * *
Unknown command.
You hit the wight but do no damage.
The wight is moderately damaged.
The wight hits you but does no damage.
Unknown command.
You barely miss the wight.
The wight is moderately damaged.
The wight hits you with a +0 mace.
* * * LOW HITPOINT WARNING * * *
You feel drained.
Unknown command.
You slash the wight!
The wight is severely damaged.
You block the wight's attack. The wight hits you with a +0 mace!
You die...

..............z....#....###....#.
..............z.z........##...##.
.....#.#†.......)...............#
.....##..#......................#
.....##.###.##.#.#####...####....
........##..##...# #..## ##...
#................## ##.## #....
.#.##'###########z##...# ##.##.
...#≈.§≈≈≈§≈§§≈#@)..###.# ##.####
...#§..........'....# #.##...###
...#§.≈≈≈≈≈≈≈≈§#...## #.......##
####≈.≈......§§##..# ##........ #
#≈.≈.≈≈§§≈.≈###.#####......... ##
#≈.≈.≈§..≈.≈#.#...#...<.......
.###§§≈§§§≈.≈.≈#........#........
...#≈§§.≈§§.≈.§#....(..#####.....
#.##≈§≈.§...≈.≈#........# ##....


You could see a wight.

Vanquished Creatures
  Edmund (D:4)
  2 wights (D:4)
  A hound (D:4)
  An orc priest (D:4)
  Jessica (D:2)
  3 gnolls (D:4)
  5 adders
  2 worms
  2 dart slugs
  3 orcs (D:4)
  9 endoplasms
  2 giant cockroaches
  10 goblins
  12 hobgoblins
  4 jackals
  2 quokkas
  5 ball pythons
  7 bats
  4 frilled lizards
  5 kobolds
  8 rats
89 creatures vanquished.

Notes
Turn   | Place    | Note
-------+----------+-------------------------------------------
     0 | D:1      | cdecastro the Hill Orc Fighter began the quest for the Orb.
     0 | D:1      | Reached XP level 1. HP: 19/19 MP: 1/1
   133 | D:1      | Reached skill level 4 in Fighting
   169 | D:1      | Reached XP level 2. HP: 22/27 MP: 2/2
   695 | D:1      | Reached XP level 3. HP: 34/34 MP: 3/3
  1249 | D:2      | Reached skill level 5 in Fighting
  1302 | D:2      | Noticed Jessica
  1315 | D:2      | Killed Jessica
  1316 | D:2      | Reached XP level 4. HP: 26/42 MP: 4/4
  2033 | D:3      | Found a broken altar of Ashenzari.
  2074 | D:3      | Became a worshipper of Ashenzari the Shackled
  2124 | D:3      | Reached XP level 5. HP: 49/50 MP: 5/5
  2142 | D:3      | You fall into a shaft and drop 1 floor!
  2278 | D:3      | Reached skill level 6 in Fighting
  3094 | D:4      | Reached skill level 5 in Axes
  3297 | D:4      | Reached * piety under Ashenzari
  3331 | D:4      | Noticed Edmund
  3339 | D:4      | Killed Edmund
  3340 | D:4      | Reached skill level 7 in Fighting
  3340 | D:4      | Reached XP level 6. HP: 34/61 MP: 6/6
  3779 | D:4      | Reached XP level 7. HP: 15/69 MP: 7/7
  3783 | D:4      | Slain by a wight

Illustrated notes

Levels and vault maps discovered:
D:1:      minmay_arrival_jagged, layout_basic, grunt_decor_one_mirror
D:2:      kennysheep_six_static_rooms, layout_loops_ring, hex_large,
          uniq_jessica
D:3:      layout_rooms, nicolae_ashenzari_panopticon, serial_rivers,
          chequers_serial_rivers_small_3, chequers_serial_rivers_micro_b,
          chequers_serial_rivers_micro_c, chequers_serial_rivers_small_b,
          chequers_serial_rivers_micro_e, chequers_serial_rivers_room_a
D:4:      layout_layer_cave, cheibrodos_sewer_entry_drain,
          kennysheep_small_spiral, dreamdust_mushroom_princess, uniq_edmund

Skill      XL: |  1  2  3  4  5  6 |
---------------+-------------------+-----
Fighting       | 4 5 7 |  7.9
Axes           | 3 4 5 6 |  6.0
Armour         | |  3.2
Shields        | |  3.2

Action                     |  1- 3 |  4- 6 |  7- 9 || total
---------------------------+-------+-------+-------++-------
  Melee: War axe           |    95 |   138 |     5 ||   238
 Invoke: Curse Item        |       |     2 |       ||     2
 Armour: Scale mail        |    36 |    54 |     1 ||    91
  Dodge: Dodged            |    32 |    62 |       ||    94
  Block: Buckler           |    14 |    31 |     1 ||    46
